 Dungeon Crawl Stone Soup version 0.29.1-2-gbd0b4ee654 (webtiles) character file.

Game seed: 12627449472353265684

4 DemonSlayer the Firebug (level 1, 0/13 HPs)
             Began as a Demonspawn Fire Elementalist on Nov 26, 2022.
             Slain by a giant cockroach (2 damage)
             ... on level 1 of the Dungeon.
             The game lasted 00:01:19 (251 turns).

DemonSlayer the Firebug (DsFE)                       Turns: 251, Time: 00:01:19

Health: 0/13       AC:  2    Str:  8    XL:     1   Next: 58%
Magic:  1/3        EV: 12    Int: 16    God:
Gold:   20         SH:  0    Dex: 13    Spells: 3/4 levels left

rFire   . . .      SeeInvis .   f - +0 dagger
rCold   . . .      Faith    .   (no shield)
rNeg    . . .      Spirit   .   a - +0 robe
rPois   +          Reflect  .   (no helmet)
rElec   .          Harm     .   (no cloak)
rCorr   .          Rampage  .   (no gloves)
Will    .....                   (no boots)
Stlth   ++........              (no amulet)
HPRegen 0.04/turn               g - ring of poison resistance
MPRegen 0.08/turn               (no ring)

@: brilliant
A: no striking features
a: no special abilities


You were on level 1 of the Dungeon.
You visited 1 branch of the dungeon, and saw 1 of its levels.

You collected 20 gold pieces.

Inventory:

Hand Weapons
 f - a +0 dagger (weapon)
Armour
 a - a +0 robe (worn)
Jewellery
 g - a ring of poison resistance (left hand)
Scrolls
 c - a scroll of enchant armour {unknown}
 d - a scroll of poison {unknown}


   Skills:
 + Level 1.7 Dodging
 + Level 1.8 Stealth
 + Level 2.0 Spellcasting
 + Level 1.0 Conjurations
 + Level 2.9 Fire Magic


You had 3 spell levels left.
You knew the following spells:

 Your Spells              Type           Power      Damage    Failure   Level
a - Foxfire               Conj/Fire      48%        2x1d6     9%          1

Your spell library contained the following spells:

 Spells                   Type           Power      Damage    Failure   Level
 Scorch                   Fire           32%        2d6       10%         2
 Conjure Flame            Conj/Fire      12%        6-21      26%         3
 Inner Flame              Hex/Fire       9%         N/A       32%         3
 Flame Wave               Conj/Fire      12%        2d6       65%         4


Dungeon Overview and Level Annotations

Branches:
Dungeon (1/15)

Altars:


Message History

The giant cockroach closely misses you.
The hobgoblin hits you but does no damage.
You conjure some foxfire!
The giant cockroach bites you.
A frilled lizard comes into view.
The hobgoblin misses you.
You completely miss the giant cockroach.
The foxfire hits the hobgoblin.
The hobgoblin is heavily wounded.
The foxfire hits the giant cockroach but does no damage.
The giant cockroach closely misses you. The hobgoblin barely misses you.
Magic courses through your body.
The giant cockroach bites you but does no damage.
The hobgoblin hits you. The giant cockroach bites you.
You are too injured to fight recklessly!
Casting: Foxfire (safe; 9% risk of failure)
Confirm with . or Enter, or press ? or * to list all spells.
You conjure some foxfire!
The giant cockroach bites you but does no damage.
The hobgoblin barely misses you.
Unknown command.
The hobgoblin attacks as you move away! The hobgoblin barely misses you.
The foxfire hits the giant cockroach.
The giant cockroach is moderately wounded.
The foxfire hits the hobgoblin.
The hobgoblin is severely wounded.
You see here 18 gold pieces.
You are too injured to fight recklessly!
Casting: Foxfire (safe; 9% risk of failure)
Confirm with . or Enter, or press ? or * to list all spells.
You conjure some foxfire!
The giant cockroach bites you. The hobgoblin hits you.
* * * LOW HITPOINT WARNING * * *
The foxfire hits the giant cockroach.
The giant cockroach is heavily wounded.
The foxfire hits the giant cockroach but does no damage.
The giant cockroach is heavily wounded.
It was a potion of brilliance.
You feel clever all of a sudden. The giant cockroach bites you.
You die...

#...#...#...#...#..#
..#...#...#...#...#....#
#...#...#)..#...#...#.## .
.#...#...#...#...#...# ..#
..#...#...#...#...#.##
....#...#...#...#...#.....
#...#...#...#...#...#...
#...#...#...#...#.....
#gB@#...#...#.......
....$.l.#ยง..#...#.........
....#..#..#...#...........
.. .........#.............
#..#######.#...###......
#.. #......## ##..... ...
#..##.### ##.... ###
#...... #### .........


You could see a giant cockroach, a hobgoblin and a frilled lizard.

Vanquished Creatures
  A giant cockroach (D:1)
  A kobold (D:1)
  A ball python (D:1)
  2 bats (D:1)
5 creatures vanquished.

Vanquished Creatures (others)
  23 foxfires (D:1)
  A fungus (D:1)
  5 toadstools (D:1)
29 creatures vanquished.

Grand Total: 34 creatures vanquished

Notes
Turn   | Place    | Note
-------+----------+-------------------------------------------
     0 | D:1      | DemonSlayer the Demonspawn Fire Elementalist began the
                  | quest for the Orb.
     0 | D:1      | Reached XP level 1. HP: 13/13 MP: 3/3
   251 | D:1      | Slain by a giant cockroach

Illustrated notes

Levels and vault maps discovered:
D:1:      dpeg_arrival_fog, layout_rooms, serial_bayou_pond_c, hex_large,
          minmay_gold_behind_fungi, chequers_serial_rivers_large_a,
          minmay_misc_feat_roman

Action                   || total
-------------------------++-------
Melee: Dagger            ||     5
 Cast: Foxfire           ||    16
  Use: Potion            ||     2
Armor: Robe              ||     7
Dodge: Dodged            ||    12
